 Dungeon Crawl Stone Soup version 0.30-b1-2-g02819fbbbe (webtiles) character file.

Game seed: 17049670112428999685

79 raph the Firebug (level 4, 0/24 HPs)
             Began as a Deep Elf Fire Elementalist on Dec 13, 2023.
             Slain by Terence
             ... wielding a +1 flail of holy wrath
              (7 damage)
             ... on level 2 of the Dungeon.
             The game lasted 00:02:31 (1694 turns).

raph the Firebug (Deep Elf Fire Elementalist)       Turns: 1694, Time: 00:02:31

Health: 0/24       AC:  2    Str:  5    XL:     4   Next: 17%
Magic:  0/11       EV: 13    Int: 22    God:
Gold:   67         SH:  0    Dex: 15    Spells: 3/9 levels left

rFire   . . .        c - +0 short sword
rCold   . . .        (no shield)
rNeg    . . .        a - +0 robe
rPois   .            (no helmet)
rElec   .            (no cloak)
rCorr   .            (no gloves)
SInv    .            (no boots)
Will    .....        (no amulet)
Stlth   ++           (no ring)
HPRegen 0.24/turn    (no ring)
MPRegen 0.12/turn

%: no passive effects
@: no status effects
A: no striking features
a: no special abilities


You were on level 2 of the Dungeon.
You visited 1 branch of the dungeon, and saw 2 of its levels.

You collected 67 gold pieces.

Inventory:

Hand Weapons
 c - a +0 short sword (weapon)
Armour
 a - a +0 robe (worn)
Scrolls
 d - a scroll of magic mapping
Potions
 e - 2 potions of curing {unknown}
 f - a potion of cancellation {unknown}
 g - a potion of heal wounds {unknown}


   Skills:
 + Level 3.0 Dodging
 + Level 3.0 Stealth
 + Level 3.4 Spellcasting
 * Level 2.6 Conjurations
 * Level 4.1 Fire Magic


You had 3 spell levels left.
You knew the following spells:

 Your Spells              Type           Power      Damage    Failure   Level
a - Foxfire               Conj/Fire      72%        2x1d7     3%          1
b - Scorch                Fire           42%        2d7       3%          2
c - Inner Flame           Hex/Fire       12%        N/A       16%         3

Your spell library contained the following spells:

 Spells                   Type           Power      Damage    Failure   Level
 Volatile Blastmotes      Fire/Tloc      24%        2d12      16%         3
 Flame Wave               Conj/Fire      18%        2d7       30%         4


Dungeon Overview and Level Annotations

Branches:
Dungeon (2/15)

Altars:

Annotations:
D:2 Terence


Message History

The foxfire hits Terence!
Terence is heavily wounded.
Terence misses you.
Casting: Scorch (safe; 3% risk of failure)
Confirm with . or Enter, or press ? or * to list all spells.
Flames lash Terence.
Terence is heavily wounded.
Terence says, "Time to say good-bye..."
Terence barely misses you.
Casting: Scorch (safe; 3% risk of failure)
Confirm with . or Enter, or press ? or * to list all spells.
You conjure some foxfire!
Terence hits you with a +1 flail of holy wrath!
Casting: Foxfire (safe; 3% risk of failure)
Confirm with . or Enter, or press ? or * to list all spells.
You conjure some foxfire!
The foxfire hits Terence but does no damage.
Terence is heavily wounded.
Terence misses you.
The foxfire hits Terence but does no damage.
Terence is heavily wounded.
The foxfire hits Terence.
Terence is severely wounded.
The foxfire hits Terence but does no damage.
Terence is severely wounded.
Casting: Foxfire (safe; 3% risk of failure)
Confirm with . or Enter, or press ? or * to list all spells.
You conjure some foxfire!
Terence hits you with a +1 flail of holy wrath!
* * * LOW HITPOINT WARNING * * *
Casting: Foxfire (safe; 3% risk of failure)
Confirm with . or Enter, or press ? or * to list all spells.
You conjure some foxfire!
Terence is no longer more vulnerable to fire.
The foxfire hits Terence.
Terence resists.
Terence is severely wounded.
The foxfire hits Terence but does no damage.
Terence is severely wounded.
Terence hits you with a +1 flail of holy wrath!
You die...

*,,**,,,,,* *,,**,*****
*,,**,* *,,**,*
****######**,,#*,*
******,,,,.....,,,.#*,*
,,,,,,,,.####..###.#*,*
******,*.......<.v.##.#
*,*?......@@v....#
*,*.####..########
*,*,* #..* *,*,* #..*
******,*,***#..*
,,,,,,,,,,,,...*
,,,,,,,,,,,...#*
***************


You could see Terence (ally target).

Vanquished Creatures
  2 gnolls (D:2)
  2 adders (D:2)
  A dart slug (D:2)
  3 ball pythons
  5 bats (D:1)
  2 endoplasms (D:1)
  2 goblins (D:1)
  4 hobgoblins
  3 jackals (D:1)
  6 kobolds
  3 quokkas
  A frilled lizard (D:1)
  6 rats
40 creatures vanquished.

Vanquished Creatures (others)
  121 foxfires
121 creatures vanquished.

Grand Total: 161 creatures vanquished

Notes
Turn   | Place    | Note
-------+----------+-------------------------------------------
     0 | D:1      | raph the Deep Elf Fire Elementalist began the quest for the
                  | Orb.
     0 | D:1      | Reached XP level 1. HP: 10/10 MP: 6/6
   260 | D:1      | Found a faded altar of an unknown god.
   266 | D:1      | Reached XP level 2. HP: 15/15 MP: 2/8
   383 | D:1      | Learned a level 2 spell: Scorch
   870 | D:1      | Reached XP level 3. HP: 16/19 MP: 5/9
   874 | D:1      | Learned a level 3 spell: Inner Flame
  1463 | D:2      | Reached skill level 4 in Fire Magic
  1529 | D:2      | Reached XP level 4. HP: 24/24 MP: 2/11
  1683 | D:2      | Noticed Terence
  1694 | D:2      | Slain by Terence

Illustrated notes

Levels and vault maps discovered:
D:1:      dpeg_arrival_round_a, layout_basic, dreamdust_ecumenical_altar_statues
D:2:      layout_loops_ring, uniq_terence

Skill      XL: |  1  2  3 |
---------------+----------+-----
Conjurations   | 2 |  2.6
Fire Magic     | 4 |  4.1
Dodging        | 3 |  3.0
Stealth        | 3 |  3.0
Spellcasting   | |  3.4

Action                     |  1- 3 |  4- 6 || total
---------------------------+-------+-------++-------
  Melee: Short sword       |     1 |       ||     1
   Cast: Foxfire           |    63 |    12 ||    75
         Scorch            |     7 |     3 ||    10
    Use: Scroll            |     2 |       ||     2
         Potion            |       |     1 ||     1
 Armour: Robe              |     3 |     2 ||     5
  Dodge: Dodged            |     8 |    13 ||    21
